Map: Dash and Terminal LE (Void)

Players

Goldmember - Winner!

  • Race: Zerg Zerg
  • League: Silver

Javert

  • Race: Zerg Zerg
  • League: Silver

VOD

Have the link to the VOD?

Description

Time

  • Played on: July 20, 2015, 4:10 p.m.
  • Length: 6:54
Show
View Real Time Build Order
Export as new Build Order

Goldmember Zerg - Winner!

Build Orders: Pool First 

Get SALT Encoding   

  12  0:03  Drone  
  13  0:14  Overlord  
  13  0:21  Drone  
  14  0:32  Drone  
  14  0:33  Drone  
  16  0:36  Drone  
  17  0:47  Spawning Pool  
  16  0:50  Drone  
  17  1:12  Hatchery  
  17  1:15  Drone  
  17  1:16  Extractor  
  16  1:21  Drone  
  17  1:34  Queen  
  17  1:35  Zergling x2  
  20  1:43  Overlord  
  20  1:51  Drone  
  20  1:52  Drone  
  22  2:03  Drone  
  23  2:19  Metabolic Boost  
  23  2:21  Drone  
  24  2:24  Queen  
  26  2:30  Spine Crawler  
  26  2:31  Zergling x4  
  26  2:35  Zergling x2  
  28  2:45  Zergling x2  
  29  3:00  Zergling x10  
  34  3:09  Overlord  
  34  3:10  Drone  
  34  3:11  Drone  
  35  3:18  Baneling Nest  
  34  3:23  Drone x2  
  36  3:29  Drone x3  
  36  3:31  Overlord  
  39  3:39  Drone  
  39  3:40  Drone  
  32  4:11  Drone  
  32  4:12  Drone x2, Roach Warren  
  32  4:13  Drone x5  
  32  4:14  Drone  
  40  4:18  Zergling x2  
  40  4:23  Baneling x2  
  41  4:27  Drone, Overlord  
  42  4:33  Extractor  
  41  4:43  Hatchery  
  40  4:47  Drone  
  40  4:48  Drone x2, Overlord x2  
  43  4:57  Roach x3  
  43  4:58  Roach  
  50  5:11  Roach x3  
  50  5:12  Roach x2  
  60  5:16  Roach x2  
  63  5:24  Roach x3  
  63  5:27  Ravager  
  70  5:36  Ravager  
  70  5:38  Zergling x8  
  75  5:42  Overlord  
  75  5:43  Overlord  
  75  5:53  Extractor  
  75  5:56  Zergling x14  
  81  6:01  Queen  
  81  6:02  Drone  
  84  6:08  Drone x2  
  84  6:10  Baneling  
  86  6:18  Zergling x8  
Show
View Real Time Build Order
Export as new Build Order

Javert Zerg 

Build Orders: Hatch First 

Get SALT Encoding   

  12  0:01  Drone  
  13  0:09  Drone  
  14  0:20  Extractor  
  14  0:21  Drone  
  14  0:24  Extractor  
  14  0:25  Drone  
  16  0:46  Hatchery  
  15  0:50  Extractor  
  14  1:01  Spawning Pool  
  14  1:02  Drone  
  14  1:10  Overlord  
  14  1:32  Drone x3  
  17  1:49  Queen  
  17  1:52  Metabolic Boost  
  19  1:57  Zergling x4  
  19  1:59  Zergling x2  
  22  2:06  Zergling x2  
  23  2:13  Queen  
  25  2:21  Drone x2  
  27  2:26  Drone  
  28  2:34  Overlord  
  28  2:47  Baneling Nest  
  28  2:48  Drone  
  27  2:59  Drone x5  
  31  3:12  Zergling x8  
  33  3:18  Zergling x4  
  35  3:34  Spine Crawler, Baneling  
  34  3:35  Baneling x4  
  34  3:36  Zergling x4  
  31  4:04  Drone  
  31  4:05  Drone x4  
  31  4:08  Drone  
  36  4:16  Overlord x2  
  36  4:21  Burrow  
  36  4:27  Extractor  
  36  4:30  Lair  
  35  4:41  Drone x5  
  35  4:44  Extractor x2  
  38  4:56  Drone x6  
  44  5:05  Roach Warren  
  41  5:11  Overlord x2  
  40  5:23  Overlord x2  
  40  5:35  Drone x6  
  46  5:46  Roach x4  
  46  5:48  Roach  
  56  5:51  Roach  
  56  5:53  Roach  
  60  5:57  Overseer  
  60  6:01  Roach x2  
  64  6:10  Roach x6  
  64  6:17  Roach x5  
Tags
 
Add a new tag
Caveats
  • Supply blocks, unpowered buildings, or Contaminate may cause inaccurate times.
  • Supply counts are checked every 10 seconds.